 Dungeon Crawl Stone Soup version 0.28.0-45-g0d030f2227 (webtiles) character file.

Game seed: 49919115308465720

80 Icepheonix32 the Shield-Bearer (level 4, 0/35 HPs)
             Began as a Demonspawn Fighter on Apr 7, 2022.
             Killed from afar by an orc wizard (7 damage)
             ... with a puff of flame
             ... on level 3 of the Dungeon.
             The game lasted 00:01:45 (1700 turns).

Icepheonix32 the Shield-Bearer (Demonspawn Fighter) Turns: 1700, Time: 00:01:46

Health: 0/35       AC:  6    Str: 18    XL:     4   Next: 18%
Magic:  4/4        EV:  9    Int: 10    God:
Gold:   172        SH:  0    Dex: 12    Spells: 1/3 levels left

rFire   . . .      SeeInvis .   g - +3 dagger (speed)
rCold   . . .      Faith    .   c - +0 buckler
rNeg    . . .      Spirit   .   b - +0 scale mail
rPois   .          Reflect  .   (helmet restricted)
rElec   .          Harm     .   (no cloak)
rCorr   .          Rampage  .   (no gloves)
Will    .....                   (no boots)
Stlth   ..........              (no amulet)
HPRegen 0.11/turn               (no ring)
MPRegen 0.09/turn               (no ring)

@: confused, flying
A: horns 1, condensation shield
a: no special abilities


You were on level 3 of the Dungeon.
You visited 1 branch of the dungeon, and saw 3 of its levels.

You collected 172 gold pieces.

Inventory:

Hand Weapons
 a - a +0 long sword
 g - a +3 dagger of speed (weapon)
 i - a +2 hunting sling of freezing
Missiles
 k - 3 atropa-tipped darts (quivered)
Armour
 b - a +0 scale mail (worn)
 c - a +0 buckler (worn)
 o - a +0 pair of gloves
 q - a +0 chain mail
Jewellery
 p - an amulet of faith
Scrolls
 e - 5 scrolls of identify {unknown}
 j - a scroll of summoning {unknown}
 l - a scroll of vulnerability {unknown}
 m - 2 scrolls of fog {unknown}
 n - a scroll of teleportation {unknown}
Potions
 d - a potion of might
 f - a potion of curing


   Skills:
 + Level 3.3 Fighting
 + Level 0.9(1.6) Short Blades
 - Level 2.0(2.1) Long Blades
 + Level 3.2 Armour
 + Level 0.1 Dodging
 * Level 3.4 Shields
 * Level 0.2 Spellcasting


You had one spell level left.
You knew the following spells:

 Your Spells              Type           Power      Damage    Failure   Level
a - Wereblood             Tmut           0%         N/A       93%         2

Your spell library contained the following spells:

 Spells                   Type           Power      Damage    Failure   Level
 Beastly Appendage        Tmut           0%         N/A       83%         1
 Summon Small Mammal      Summ           0%         N/A       83%         1
 Call Canine Familiar     Summ           0%         N/A       99%         3
 Spider Form              Tmut/Pois      0%         N/A       99%         3
 Summon Guardian Golem    Hex/Summ       0%         N/A       99%         3


Dungeon Overview and Level Annotations

Branches:
Dungeon (3/15)

Altars:


Innate Abilities, Weirdness & Mutations

You have a pair of small horns on your head.
A meltable shield of frost defends you. (SH +0)


Message History

You kill the kobold!
The orc throws a boomerang.
The boomerang hits you.
You hear some strange, mumbled words.
Something tries to affect you, but you resist.
The orc hits you with a +0 whip.
* * * LOW HITPOINT WARNING * * *
Something hits you but does no damage.
Items here: ( )) [ †.
You closely miss the orc. The orc completely misses you.
Okay, then.
The orc throws a boomerang.
The boomerang closely misses you.
You miss something. Your headbutt misses something.
Something hits you but does no damage.
You miss something.
It was a potion of flight.
You feel very buoyant.
You fly up into the air.
You hit the orc. You headbutt the orc.
You kill the orc!
You hit the orc.
The orc is almost dead.
You hit the orc but do no damage. You headbutt the orc.
You kill the orc!
You hit something but do no damage. You closely miss something.
Your headbutt misses something.
You hear some strange, mumbled words.
You are confused.
You closely miss something.
You bump into the rock wall.
Your icy envelope is restored.
Something hits you.
* * * LOW HITPOINT WARNING * * *
You closely miss something. Your headbutt misses something.
Something hits you but does no damage.
You hit something. Your headbutt misses something.
You hear some strange, mumbled words.
A puff of flame appears from out of thin air!
The puff of flame hits you!
Your condensation shield dissipates!
You die...

###################
#.................#
##.###############.#
#....# #.# #..#@#
#.# ...#####{# #<#
>......(.# ###
......#### .....
.... ... ##


There were no monsters in sight!

Vanquished Creatures
  2 adders (D:2)
  2 orcs (D:3)
  3 ball pythons
  4 endoplasms
  A giant cockroach (D:2)
  7 goblins
  6 hobgoblins
  4 kobolds
  3 quokkas
  3 bats (D:2)
  2 frilled lizards (D:2)
  3 rats
40 creatures vanquished.

Vanquished Creatures (others)
  An orc wizard (D:3)
1 creature vanquished.

Grand Total: 41 creatures vanquished

Notes
Turn   | Place    | Note
-------+----------+-------------------------------------------
     0 | D:1      | Icepheonix32 the Demonspawn Fighter began the quest for the
                  | Orb.
     0 | D:1      | Reached XP level 1. HP: 18/18 MP: 1/1
   254 | D:1      | Gained mutation: You have a pair of small horns on your
                  | head. [demonic ancestry]
   254 | D:1      | Reached XP level 2. HP: 6/24 MP: 2/2
   516 | D:1      | Found a faded altar of an unknown god.
   960 | D:2      | Gained mutation: A meltable shield of frost defends you.
                  | (SH +0) [demonic ancestry]
   960 | D:2      | Reached XP level 3. HP: 29/29 MP: 3/3
  1392 | D:2      | Learned a level 2 spell: Wereblood
  1679 | D:3      | Reached XP level 4. HP: 6/35 MP: 4/4
  1700 | D:3      | Killed from afar by an orc wizard

Illustrated notes

Levels and vault maps discovered:
D:1:      lemuel_arrival_lava_pool, layout_basic,
          dreamdust_ecumenical_altar_angels_and_demons, item_on_display_a
D:2:      layout_rooms
D:3:      layout_basic, grunt_dithmenos_smoke

Skill      XL: |  1  2 |
---------------+-------+-----
Long Blades    | 2 |  2.0
Shields        | 3 |  3.4
Armour         | 3 |  3.2
Fighting       | |  3.3
Short Blades   | |  0.9
Dodging        | |  0.1
Spellcasting   | |  0.2

Action                   |  1- 3 |  4- 6 || total
-------------------------+-------+-------++-------
Melee: Long sword        |    30 |       ||    30
       Dagger            |   109 |    17 ||   126
       Headbutt          |    13 |     2 ||    15
Throw: Dart              |     1 |       ||     1
  Use: Potion            |       |     2 ||     2
Armor: Scale mail        |    43 |     4 ||    47
Dodge: Dodged            |    33 |     4 ||    37
Block: Buckler           |    44 |     1 ||    45
